 Dungeon Crawl Stone Soup version 0.28.0-1-gb440e238dd (webtiles) character file.

Game seed: 10326117406514461646

151 Morbidden the Sneak (level 5, 19/40 HPs)
             Began as a Demonspawn Brigand on Feb 21, 2022.
             Quit the game on level 3 of the Dungeon.
             The game lasted 00:02:14 (2236 turns).

Morbidden the Sneak (Demonspawn Brigand)            Turns: 2236, Time: 00:02:15

Health: 19/40      AC:  6    Str: 13    XL:     5   Next: 10%
Magic:  5/5        EV: 12    Int: 12    God:
Gold:   95         SH:  0    Dex: 15    Spells: 4/4 levels left

rFire   . . .      SeeInvis .   j - +2 spear (venom)
rCold   . . .      Faith    .   (no shield)
rNeg    . . .      Spirit   .   b - +0 robe
rPois   .          Reflect  .   f - +0 helmet
rElec   .          Harm     .   c - +0 cloak
rCorr   .          Rampage  .   (no gloves)
Will    .....                   (no boots)
Stlth   +++.......              (no amulet)
HPRegen 1.13/turn               (no ring)
MPRegen 0.09/turn               (no ring)

@: no status effects
A: claws 1, slimy green scales 1, powered by death 1
a: no special abilities


You were on level 3 of the Dungeon.
You visited 1 branch of the dungeon, and saw 3 of its levels.

You collected 95 gold pieces.

Inventory:

Hand Weapons
 a - a +2 dagger
 j - a +2 spear of venom (weapon)
Missiles
 d - 7 poisoned darts (quivered)
 e - 7 curare-tipped darts
Armour
 b - a +0 robe (worn)
 c - a +0 cloak (worn)
 f - a +0 helmet (worn)
Scrolls
 i - a scroll of blinking {unknown}
 l - 2 scrolls of immolation {unknown}
 m - a scroll of teleportation {unknown}
 n - a scroll of silence {unknown}
 o - a scroll of vulnerability {unknown}
 p - a scroll of identify {unknown}
Potions
 g - a potion of brilliance {unknown}
 h - 2 potions of magic {unknown}
 k - a potion of degeneration {unknown}


   Skills:
 * Level 2.8 Fighting
 + Level 2.2 Short Blades
 + Level 1.5 Polearms
 + Level 2.0 Throwing
 * Level 1.6 Dodging
 + Level 4.7 Stealth


You had 4 spell levels left.
You didn't know any spells.
Your spell library contained the following spells:

 Spells                   Type           Power      Damage    Failure   Level
 Sublimation of Blood     Necr           0%         N/A       45%         2
 Ozocubu's Armour         Ice            0%         N/A       69%         3
 Petrify                  Tmut/Erth      0%         N/A       97%         4
 Irradiate                Conj/Tmut      0%         3d13      100%        5
 Malign Gateway           Summ/Tloc      0%         N/A       100%        7
 Ozocubu's Refrigeration  Ice            0%         4d5       100%        7
 Summon Horrible Things   Summ           0%         N/A       100%        8


Dungeon Overview and Level Annotations

Branches:
Dungeon (3/15)

Altars:
Dithmenos


Innate Abilities, Weirdness & Mutations

You have sharp fingernails.
You are partially covered in slimy green scales. (AC +2)
You regenerate a little health from kills.


Message History

The orc hits you from afar with a +0 trident.
The orc wizard gestures at you while chanting.
You resist with some effort. The orc misses you.
You closely miss the orc wizard.
The orc wizard is severely wounded.
The orc throws a boomerang.
The boomerang hits you but does no damage.
The orc wizard hits you but does no damage.
The orc completely misses you.
You barely miss the orc wizard.
The orc wizard is severely wounded.
The orc closely misses you.
The orc wizard hits you but does no damage.
The orc barely misses you.
You hit the orc wizard but do no damage.
The orc wizard looks as sick as possible!
The orc wizard is severely wounded.
The orc barely misses you.
The orc wizard hits you but does no damage.
The orc hits you with a +0 club.
The orc throws a boomerang.
The boomerang closely misses you.
You barely miss the orc wizard.
The orc wizard is almost dead.
You kill the orc wizard!
The orc hits you with a +0 club. The orc hits you but does no damage.
You have reached level 5!
Your demonic ancestry asserts itself...
Your fingernails lengthen.
You are too injured to fight recklessly!
Unknown command.
You are too injured to fight recklessly!
Unknown command.
You are too injured to fight recklessly!
You are too injured to fight recklessly!
You are too injured to fight recklessly!
You are too injured to fight recklessly!
You are too injured to fight recklessly!
You are too injured to fight recklessly!
You are too injured to fight recklessly!
Are you sure you want to abandon this character and quit the game? (Confirm with "yes".)

..............
.....##+###.#..
..........#..#.##+##
..........#........#
..........#..##....#
..........#..##....##
..........#.........#
.######+###.....)o..#.#.
.######.# #.....@.o...P.
......#.# #.....#.PP.≈..
......#.# #.....#.P...##
......#.###.......P###≈.
.................### .
..##.....##.....#..#
..##.....##.....#..#
..##.....##..#+##..#
####..#+###..# .#


You could see 2 orcs.

Vanquished Creatures
  Terence (D:2)
  An orc wizard (D:3)
  3 gnolls (D:2)
  A worm (D:2)
  2 dart slugs (D:2)
  6 orcs (D:3)
  5 ball pythons
  7 bats
  6 endoplasms
  2 giant cockroaches
  7 goblins
  7 hobgoblins
  A quokka (D:2)
  4 frilled lizards
  3 rats
56 creatures vanquished.

Vanquished Creatures (others)
  A plant (D:2)
  5 toadstools (D:1)
6 creatures vanquished.

Grand Total: 62 creatures vanquished

Notes
Turn   | Place    | Note
-------+----------+-------------------------------------------
     0 | D:1      | Morbidden the Demonspawn Brigand began the quest for the
                  | Orb.
     0 | D:1      | Reached XP level 1. HP: 16/16 MP: 1/1
   326 | D:1      | Gained mutation: You regenerate a little health from kills.
                  | [demonic ancestry]
   326 | D:1      | Reached XP level 2. HP: 22/22 MP: 2/2
   336 | D:1      | Reached skill level 4 in Stealth
   965 | D:2      | Noticed Terence
   974 | D:2      | Killed Terence
   975 | D:2      | Reached skill level 1 in Dodging
   975 | D:2      | Gained mutation: You are partially covered in slimy green
                  | scales. (AC +2) [demonic ancestry]
   975 | D:2      | Reached XP level 3. HP: 13/27 MP: 3/3
  1268 | D:2      | Found a shadowy altar of Dithmenos.
  1354 | D:2      | Reached XP level 4. HP: 31/34 MP: 4/4
  1357 | D:2      | Reached skill level 1 in Polearms
  2236 | D:3      | Gained mutation: You have sharp fingernails. [demonic
                  | ancestry]
  2236 | D:3      | Reached XP level 5. HP: 19/40 MP: 5/5
  2236 | D:3      | Quit the game

Illustrated notes

Levels and vault maps discovered:
D:1:      ldierk_walled_garden, layout_loops_ring
D:2:      layout_basic, basic_altar, serial_forest, infiniplex_forest_end_3,
          infiniplex_forest_straight_3, infiniplex_forest_corner_1,
          infiniplex_forest_lined_room_, infiniplex_forest_clump_double,
          infiniplex_forest_lined_3, infiniplex_forest_lined_2,
          infiniplex_forest_clump_small, serial_bayou_pond_a, uniq_terence
D:3:      layout_basic, shapermc_ecumenical_altar_mp_ritualfount,
          serial_park_tiny_1

Skill      XL: |  1  2  3  4 |
---------------+-------------+-----
Short Blades   | 2 |  2.2
Stealth        | 4 |  4.7
Throwing       | 2 |  2.0
Dodging        | 1 |  1.6
Polearms       | 1 |  1.5
Fighting       | |  2.8

Action                   |  1- 3 |  4- 6 || total
-------------------------+-------+-------++-------
Melee: Dagger            |    26 |       ||    26
       Spear             |    59 |    71 ||   130
       Punch             |     1 |     1 ||     2
Throw: Dart              |       |     4 ||     4
 Stab: Sleeping          |    11 |     5 ||    16
Armor: Robe              |    23 |    24 ||    47
Dodge: Dodged            |    43 |    30 ||    73
